 Dungeon Crawl Stone Soup version 0.26-a0-682-g294304f6e8 (webtiles) character file.

Game seed: 1516981533129895039

102155 runemasterragnar the Carver (level 16, 0/112 HPs)
             Began as an Octopode Fighter on Oct 20, 2020.
             Was an Initiate of Gozag.
             Slain by a death yak (28 damage)
             ... on level 6 of the Lair of Beasts.
             The game lasted 01:09:03 (44738 turns).

runemasterragnar the Carver (Octopode Fighter)     Turns: 44738, Time: 01:09:06

Health: 0/112      AC:  1    Str: 16    XL:     16   Next: 32%
Magic:  14/16      EV: 21    Int: 17    God:    Gozag
Gold:   683        SH: 19    Dex: 19    Spells: 12/15 levels left

rFire    + + .     SeeInvis +   b - +9 double sword (vorpal)
rCold    + + .     Faith    .   E - +2 shield of Resistance {rF++ rC++ MR++}
rNeg     + . .     Spirit   .   (helmet restricted)
rPois    +         Reflect  +   f - amulet of reflection
rElec    +         Harm     .   t - +6 ring of dexterity
rCorr    +         Rampage  .   p - ring of protection from magic
MR       +++++                  v - ring of see invisible
Stlth    +++++++...             B - ring of resist corrosion
HPRegen  0.28/turn              o - ring of poison resistance
MPRegen  0.15/turn              F - ring of Wonder {rElec MR+}
                                j - ring of positive energy
                                a - ring of protection from magic

@: gold aura, very slightly contaminated, studying 2 skills
A: almost no armour, stealthy swim, amphibious, 8 rings, constrict 8, camouflage
1, clever 1, gelatinous body 1, subdued magic 1
a: Potion Petition, Call Merchant, Bribe Branch, Renounce Religion


You were on level 6 of the Lair of Beasts.
You worshipped Gozag.
Gozag was pleased with you.
You visited 5 branches of the dungeon, and saw 25 of its levels.
You also visited: Sewer and Gauntlet.

You collected 9463 gold pieces.
You spent 1923 gold pieces at shops.
You paid 6857 gold pieces to Gozag.

Inventory:

Hand Weapons
 b - a +9 vorpal double sword (weapon)
 A - a +1 dagger of venom
 P - a +3 scimitar of flaming
Missiles
 e - 51 poisoned darts
 N - 46 boomerangs
 O - 24 silver javelins
 R - 8 javelins (quivered)
 T - 9 curare-tipped darts
Armour
 E - the +2 shield of Resistance (worn) {rF++ rC++ MR++}
   (You bought it in a shop on level 1 of the Lair of Beasts)

   It greatly protects you from fire.
   It greatly protects you from cold.
   It affects your resistance to hostile enchantments.
Jewellery
 a - a ring of protection from magic (on tentacle)
 f - an amulet of reflection (around mantle)
 j - a ring of positive energy (on tentacle)
 o - a ring of poison resistance (on tentacle)
 p - a ring of protection from magic (right tentacle)
 t - a +6 ring of dexterity (left tentacle)
 v - a ring of see invisible (on tentacle)
 B - a ring of resist corrosion (on tentacle)
 F - the ring of Wonder (on tentacle) {rElec MR+}
   (You bought it in a shop on level 2 of the Orcish Mines)

   [ring of protection from magic]

   It insulates you from electricity.
   It affects your resistance to hostile enchantments.
Wands
 i - a wand of acid (6)
 y - a wand of iceblast (12)
 I - a wand of flame (15)
 V - a wand of paralysis (5)
 W - a wand of disintegration (10)
Scrolls
 d - 9 scrolls of teleportation
 g - a scroll of torment
 l - 2 scrolls of magic mapping
 u - 3 scrolls of fog
 G - 15 scrolls of remove curse
 H - 6 scrolls of immolation
 M - a scroll of vulnerability
 U - a scroll of fear
Potions
 c - 2 potions of might
 h - 3 potions of haste
 k - 3 potions of flight
 m - 3 potions of heal wounds
 q - 2 potions of stabbing
 s - 2 potions of curing
 w - a potion of cancellation
 x - 5 potions of lignification
 z - a potion of magic
 C - a potion of berserk rage
 S - a potion of ambrosia
Books
 r - a manual of Evocations
 L - a manual of Fighting
Miscellaneous
 n - a box of beasts (3/3)
 D - a phantom mirror
 Z - a tin of tremorstones (3/3)


   Skills:
 + Level 11.2 Fighting
 * Level 13.5 Long Blades
 + Level 9.9 Throwing
 + Level 10.3 Dodging
 + Level 13.5 Stealth
 + Level 10.3 Shields
 + Level 9.8 Unarmed Combat
 + Level 11.6 Evocations


You had 12 spell levels left.
You knew the following spells:

 Your Spells              Type           Power        Failure   Level
a - Apportation           Tloc           #.....       34%         1
b - Blink                 Tloc           N/A          50%         2

Your spell library contained the following spells:

 Spells                   Type           Power        Failure   Level
 Animate Skeleton         Necr           #.....       34%         1
 Corona                   Hex            #......      34%         1
 Foxfire                  Conj/Fire      #...         34%         1
 Freeze                   Ice            #...         34%         1
 Magic Dart               Conj           #...         34%         1
 Shock                    Conj/Air       #...         34%         1
 Summon Small Mammal      Summ           #...         34%         1
 Call Imp                 Summ           #.......     50%         2
 Slow                     Hex            #.......     50%         2
 Swiftness                Air            #.......     50%         2
 Call Canine Familiar     Summ           #.......     73%         3
 Conjure Flame            Conj/Fire      #.......     73%         3
 Frozen Ramparts          Ice            #.....       73%         3
 Inner Flame              Hex/Fire       #.......     73%         3
 Mephitic Cloud           Conj/Pois/Air  #.......     73%         3
 Ozocubu's Armour         Ice            #.......     73%         3
 Static Discharge         Conj/Air       #.......     73%         3
 Summon Guardian Golem    Hex/Summ       #.......     73%         3
 Airstrike                Air            #.........   98%         4
 Cause Fear               Hex            #.........   98%         4
 Hailstorm                Conj/Ice       #.......     98%         4
 Sticky Flame             Conj/Fire      #.......     98%         4
 Summon Ice Beast         Ice/Summ       #.......     98%         4
 Summon Lightning Spire   Summ/Air       #.......     98%         4
 Fireball                 Conj/Fire      #.........   100%        5
 Lightning Bolt           Conj/Air       #.........   100%        5
 Silence                  Hex/Air        #.........   100%        5
 Yara's Violent Unravell  Hex/Tmut       #.........   100%        5
 Conjure Ball Lightning   Conj/Air       #.........   100%        6
 Discord                  Hex            #.........   100%        8
 Tornado                  Air            #.........   100%        9


Dungeon Overview and Level Annotations

Branches:
Dungeon (15/15)            Temple (1/1) D:4            Lair (6/6) D:8
 Shoals (0/4) Lair:3        Snake (0/4) Lair:4        Slime (0/5) Lair:6
    Orc (2/2) D:9             Elf (1/3) Orc:2        Vaults (0/5) D:13
 Depths (0/5) D:15          Sewer (visited)         Gauntlet (visited)

Altars:
Ashenzari
Cheibriados
Dithmenos
Elyvilon
Fedhas
Gozag
Hepliaklqana
Kikubaaqudgha
Makhleb
Nemelex Xobeh
Okawaru
Qazlal
Ru
Sif Muna
Trog
Uskayaw
Vehumet
Wu Jian
Xom
Yredelemnul
Zin
The Shining One
Beogh
Jiyva

Shops:
D:8 [   D:9 (   D:12 ?   Orc:2 (((=   Elf:1 =   Lair:1 *!??**

Annotations:
D:4 exclusion: statue
D:14 2 transporters, marklar909's ghost, journeyman FoAK
D:15 1 runed translucent door, Kefanin's ghost, adept GrEE
Lair:2 exclusion: oklob plant
Lair:4 3 runed translucent doors, Nyzic's ghost, journeyman TrMo
Lair:5 1 runed translucent door, Ypehuijo's ghost, journeyman OpFi


Innate Abilities, Weirdness & Mutations

You cannot wear most types of armour.
You are very stealthy in the water. (Stealth+)
You are amphibious.
You can wear up to eight rings at the same time.
You can use your tentacles to constrict eight enemies at once.
Your skin changes colour to match your surroundings (Stealth+).
Your rubbery body absorbs attacks. (AC +1, EV +1)
Your mind is acute. (Int +2)
Your spells are a little easier to cast, but a little less powerful.


Message History

The bolt of acid hits the death yak!
The death yak is splashed with acid!
The death yak is almost dead.
The bolt of acid hits the death yak!!
The death yak is splashed with acid.
You kill the death yak!
The bolt of acid hits the death yak!!
The death yak is splashed with acid.
You kill the death yak!
The death yak gores you!!
* * * LOW HITPOINT WARNING * * *
Unknown command.
Unknown command.
Unknown command.
Okay, then.
Okay, then.
Casting: Blink (dangerous; 50% risk of failure)
Confirm with . or Enter, or press ? or * to list all spells.
You miscast Blink.
You are very lightly contaminated with residual magic.
Nothing appears to happen.
The death yak gores you!!
You die...
Your body crumbles into a pile of gold.

...........................
...........................
...).......................
.#.................#.###.#.#
#.#.............#######.###.
##...............# #.####
###$...............## #.##..
..................#.#
##.....
............#@.###.##
#...... ..........##Y### ###
#...... ..........$Y##
..#####...... .........[..#
........P##.# ...........##
.........#### ..........##
.........# ......$..##
.........## #.....####
..........### .....#
...........#.


You could see 2 death yaks.

Vanquished Creatures
  Donald (Orc:2)
  A stone giant (Orc:1)
  A minotaur (Gauntlet)
  Josephine (D:13)
  3 boulder beetles (Lair:6)
  A catoblepas (Lair:6)
  3 vault guards (D:13)
  6 hydras
  3 ogre magi
  12 two-headed ogres
  7 death yaks
  An orc high priest (Elf:1)
  Sonja (D:12)
  Urug (Lair:1)
  A deep elf knight (Elf:1)
  A fire crab (Gauntlet)
  3 unseen horrors
  2 deep trolls (Orc:2)
  4 wizards
  A wolf spider zombie (D:13)
  An orc knight (Orc:2)
  3 necromancers
  An ugly thing (D:13)
  A wolf spider (shapeshifter) (D:15)
  2 orc sorcerers
  14 deep elf magi
  4 cyclopes
  A manticore (D:13)
  13 elephants
  3 black mambas (Lair:4)
  A naga mage (D:15)
  Maggie (D:9)
  A torpor snail (Lair:2)
  14 cane toads
  4 centaur skeletons
  4 rime drakes
  An efreet (D:15)
  3 komodo dragons
  3 kobold demonologists (D:13)
  A yaktaur (D:13)
  A freezing wraith (D:15)
  A meliai (shapeshifter) (Elf:1)
  5 polar bears
  3 meliai (D:13)
  11 trolls
  4 slime creatures (D:14)
  Prince Ribbit (D:7)
  A dream sheep (Lair:6)
  14 blink frogs
  4 centaur simulacra
  6 wraiths
  43 yaks
  A vampire (D:13)
  18 humans
  4 fire bats (Gauntlet)
  4 wyverns
  3 basilisks
  A steam dragon (D:11)
  Menkaure (D:7)
  2 nagas (Lair:4)
  16 wargs
  14 water moccasins
  Duvessa (D:7)
  A sky beast (D:11)
  3 ice beasts
  A black bear (Lair:3)
  3 phantoms
  2 eyes of draining
  31 orc warriors
  3 necrophages
  23 wolves
  19 ogres
  13 centaurs
  4 big kobolds
  Blork the orc (D:5)
  17 bullfrogs
  An earth elemental (Elf:1)
  Dowan (D:7)
  5 scorpions
  A water moccasin skeleton (D:5)
  5 killer bees (D:7)
  3 electric eels
  19 wights
  A howler monkey (D:6)
  8 centaur zombies
  2 bullfrog zombies
  8 hounds
  3 jellies
  A bullfrog skeleton (D:12)
  24 orc priests
  8 iguanas
  Terence (D:2)
  20 orc wizards
  10 worker ants
  4 hell rats (Lair:2)
  2 bullfrog simulacra (D:8)
  A hound skeleton (D:10)
  A worker ant zombie (D:5)
  12 gnolls
  5 river rats
  15 adders
  3 shadow imps
  2 white imps
  9 oozes
  An adder zombie (D:7)
  4 worms (Sewer)
  2 dart slugs
  5 leopard geckos
  145 orcs
  2 ball pythons
  8 bats
  7 giant cockroaches
  17 hobgoblins
  18 jackals
  20 kobolds
  3 quokkas
  12 frilled lizards
  22 goblins
  A quokka skeleton (D:5)
  A quokka zombie (D:7)
  17 rats
870 creatures vanquished.

Vanquished Creatures (collateral kills)
  2 two-headed ogres (Orc:2)
  A cane toad (Lair:6)
  3 trolls (Orc:2)
  A warg (Orc:2)
  A water moccasin (Lair:6)
  An orc warrior (Orc:2)
  3 ogres (Orc:2)
  An orc wizard (Orc:2)
  2 orcs (Orc:2)
15 creatures vanquished.

Vanquished Creatures (others)
  2 two-headed ogres (Orc:2)
  A cyclops (Orc:2)
  4 yaks
  2 wargs (Orc:2)
  2 ogres (Orc:2)
  An orc wizard (Elf:1)
  An orc (Orc:2)
  A kobold (D:13)
  44 fungi
  67 plants
  2 withered plants (D:8)
127 creatures vanquished.

Grand Total: 1012 creatures vanquished

Notes
Turn   | Place    | Note
-------+----------+-------------------------------------------
     0 | D:1      | runemasterragnar the Octopode Fighter began the quest for
                  | the Orb.
     0 | D:1      | Reached XP level 1. HP: 16/16 MP: 1/1
   147 | D:1      | Reached XP level 2. HP: 12/21 MP: 2/2
  1028 | D:1      | Reached skill level 1 in Stealth
  1028 | D:1      | Reached XP level 3. HP: 26/26 MP: 3/3
  1448 | D:2      | Noticed Terence
  1747 | D:2      | Reached skill level 1 in Throwing
  1747 | D:2      | Reached XP level 4. HP: 31/31 MP: 4/4
  1774 | D:2      | Reached skill level 1 in Unarmed Combat
  1885 | D:2      | Killed Terence
  1885 | D:2      | Reached XP level 5. HP: 29/36 MP: 5/5
  2072 | D:2      | Reached skill level 1 in Evocations
  3336 | D:3      | Reached XP level 6. HP: 22/42 MP: 6/6
  3794 | D:3      | Found a white marble altar of Elyvilon.
  3928 | D:3      | Found a faded altar of an unknown god.
  4052 | D:3      | Found a broken altar of Ashenzari.
  4068 | D:3      | Found a roughly hewn altar of Beogh.
  4237 | D:4      | Reached XP level 7. HP: 29/47 MP: 7/7
  4799 | D:4      | Found a staircase to the Ecumenical Temple.
  4833 | Temple   | Entered the Ecumenical Temple
  4920 | Temple   | Became a worshipper of Gozag Ym Sagoz the Greedy
  5046 | D:4      | Found a radiant altar of Vehumet.
  5411 | D:5      | Entered Level 5 of the Dungeon
  5756 | D:5      | Noticed Blork the orc
  5763 | D:5      | Killed Blork the orc
  5763 | D:5      | Reached XP level 8. HP: 54/54 MP: 8/8
  5893 | D:5      | Found a glowing drain.
  5899 | Sewer    | Entered a sewer
  6542 | Sewer    | Reached skill level 5 in Long Blades
  7949 | D:6      | Reached XP level 9. HP: 59/59 MP: 9/9
  7991 | D:6      | Reached skill level 5 in Stealth
  8398 | D:6      | Reached skill level 5 in Dodging
  8751 | D:7      | Reached skill level 5 in Fighting
  8800 | D:7      | Reached skill level 5 in Shields
  8842 | D:7      | Noticed Prince Ribbit
  8850 | D:7      | Killed Prince Ribbit
  9143 | D:7      | Noticed Dowan
  9164 | D:7      | Learned a level 1 spell: Apportation
  9274 | D:7      | Noticed Menkaure
  9280 | D:7      | Killed Menkaure
  9399 | D:7      | Noticed Duvessa
  9409 | D:7      | Killed Duvessa
  9410 | D:7      | Killed Dowan
  9866 | D:7      | Reached XP level 10. HP: 46/66 MP: 10/10
 11165 | D:8      | Reached skill level 5 in Evocations
 11444 | D:8      | Found a basalt altar of Yredelemnul.
 11758 | D:8      | Noticed a death yak
 11760 | D:8      | Noticed a death yak
 11771 | D:9      | Reached skill level 5 in Throwing
 11831 | D:9      | Reached skill level 5 in Unarmed Combat
 12474 | D:9      | Found Hicva's Weapon Shop.
 12475 | D:9      | Found a staircase to the Orcish Mines.
 12511 | D:9      | Reached XP level 11. HP: 63/72 MP: 11/11
 12823 | D:9      | Noticed Maggie
 13703 | D:9      | Found a blossoming altar of Fedhas.
 14026 | D:9      | Killed Maggie
 14491 | D:9      | Found a hide-covered altar of Uskayaw.
 14553 | D:9      | Noticed an orc sorcerer
 14575 | D:9      | Killed an orc sorcerer
 15525 | D:9      | Noticed a deep troll earth mage
 15715 | D:10     | Entered Level 10 of the Dungeon
 16324 | D:10     | Noticed a two-headed ogre
 16333 | D:10     | Killed a two-headed ogre
 17429 | D:11     | Noticed a cyclops
 17437 | D:11     | Killed a cyclops
 17737 | D:11     | Reached XP level 12. HP: 71/81 MP: 12/12
 18985 | D:12     | Gained mutation: Your spells are a little easier to cast,
                  | but a little less powerful. [potion of mutation]
 18985 | D:12     | Gained mutation: Your mind is acute. (Int +2) [potion of
                  | mutation]
 18987 | D:12     | Found a shadowy altar of Dithmenos.
 19542 | D:12     | Noticed Sonja
 19551 | D:12     | Killed Sonja
 20537 | D:12     | Found Xeump's Magic Scroll Emporium.
 21621 | D:13     | Reached skill level 10 in Long Blades
 22019 | D:13     | Noticed Josephine
 22174 | D:13     | Reached skill level 10 in Stealth
 22444 | D:13     | Found a gate to the Vaults.
 22444 | D:13     | Noticed a vault guard
 22444 | D:13     | Noticed a vault guard
 22445 | D:13     | Noticed a vault guard
 22605 | D:13     | Reached XP level 13. HP: 74/88 MP: 13/13
 22769 | D:13     | Killed a vault guard
 22943 | D:13     | Killed a vault guard
 23206 | D:13     | Killed a vault guard
 23440 | D:13     | Killed Josephine
 25119 | D:14     | Found a transporter.
 25121 | D:14     | Found a transporter.
 25124 | D:14     | Found a bloodstained altar of Trog.
 25129 | D:14     | Identified the cursed +1 broad axe of Guvieki {vamp, rElec
                  | rPois MR++ Str-2}
 25130 | D:14     | Noticed marklar909's ghost (journeyman FoAK)
 25274 | D:14     | Identified the +8 great mace of Exquisite Torment {elec,
                  | rC+}
 25274 | D:14     | Identified the cursed +0 giant spiked club "Qyh Emei"
                  | {antimagic, *Slow Dex+6}
 25274 | D:14     | Noticed an ettin
 25321 | D:14     | Found a stormy altar of Qazlal.
 25389 | D:14     | Found a shadowy altar of Dithmenos.
 25750 | D:15     | Entered Level 15 of the Dungeon
 25836 | Orc:1    | Entered Level 1 of the Orcish Mines
 26439 | Orc:2    | Entered Level 2 of the Orcish Mines
 26439 | Orc:2    | Found Cuykleot's Weapon Shop.
 26439 | Orc:2    | Found Sofrev's Weapon Boutique.
 26439 | Orc:2    | Found Tioh Ulo's Jewellery Shoppe.
 26615 | D:8      | Found Nappuykh's Antique Armour Shop.
 27362 | D:8      | Found a staircase to the Lair.
 27540 | D:8      | HP: 4/89 [death yak (27)]
 28340 | Lair:1   | Entered Level 1 of the Lair of Beasts
 28347 | Lair:1   | Reached XP level 14. HP: 95/95 MP: 14/14
 28861 | Lair:1   | Noticed Urug
 28868 | Lair:1   | Killed Urug
 29640 | Lair:2   | Found a gate leading to a gauntlet.
 29649 | Gauntlet | Entered a Gauntlet
 29649 | Gauntlet | Found a transporter.
 29649 | Gauntlet | Found a transporter.
 29664 | Gauntlet | Found a transporter.
 29678 | Gauntlet | Found a transporter.
 29678 | Gauntlet | Found a transporter.
 29680 | Gauntlet | Found a transporter.
 29683 | Gauntlet | Found a transporter.
 29683 | Gauntlet | Found a transporter.
 29687 | Gauntlet | Found a runed translucent door.
 29695 | Gauntlet | Found a runed translucent door.
 29697 | Gauntlet | Found a transporter.
 29714 | Gauntlet | Found a transporter.
 29723 | Gauntlet | Found a transporter.
 29727 | Gauntlet | Found a runed translucent door.
 29741 | Gauntlet | Found a transporter.
 29760 | Gauntlet | Found a transporter.
 29769 | Gauntlet | Found a runed translucent door.
 29769 | Gauntlet | Found a runed translucent door.
 29773 | Gauntlet | Found a transporter.
 29886 | Gauntlet | Got a scintillating bronze amulet
 29954 | Gauntlet | Identified the ring "Trusted Companion" {+Fly MR+}
 30144 | Lair:2   | You fall into a shaft and drop 2 floors!
 31439 | Lair:3   | Found a staircase to the Shoals.
 31444 | Lair:3   | Identified the amulet of Serendipity {Faith Str+5 Stlth-}
                  | (You found it in a Gauntlet)
 31615 | Lair:3   | You fall into a shaft and drop 1 floor!
 31615 | Lair:4   | Found a staircase to the Snake Pit.
 31744 | Lair:3   | Learned a level 2 spell: Blink
 33617 | Lair:4   | Noticed Nyzic's ghost (journeyman TrMo)
 33858 | Lair:4   | Found a runed translucent gate.
 33858 | Lair:4   | Found a runed translucent gate.
 33858 | Lair:4   | Found a runed translucent gate.
 34129 | Lair:5   | Identified 2 scrolls of acquirement
 34143 | Lair:5   | Acquired a manual of Fire Magic
 34144 | Lair:5   | Acquired a manual of Evocations
 35359 | Lair:5   | Found a runed translucent door.
 35360 | Lair:5   | Noticed Ypehuijo's ghost (journeyman OpFi)
 35854 | Lair:5   | Acquired a manual of Fighting
 36408 | Lair:6   | Entered Level 6 of the Lair of Beasts
 36530 | Lair:6   | Reached XP level 15. HP: 34/102 MP: 15/15
 36952 | Lair:6   | Found a viscous altar of Jiyva.
 36954 | Lair:6   | Found a staircase to the Slime Pits.
 37164 | Lair:6   | Reached skill level 10 in Evocations
 37296 | Lair:1   | Bought the +2 shield of Resistance {rF++ rC++ MR++} for 973
                  | gold pieces
 37296 | Lair:1   | Found the +2 shield of Resistance {rF++ rC++ MR++}
 37382 | Orc:2    | Noticed Donald
 37683 | Orc:2    | Reached skill level 10 in Fighting
 38279 | Orc:2    | Killed Donald
 38618 | Orc:2    | Found Xulywk's Weapon Boutique.
 39141 | Orc:2    | Bought an uncursed amulet of reflection for 300 gold pieces
 39365 | Orc:2    | Found a roughly hewn altar of Beogh.
 39455 | Orc:2    | Found a staircase to the Elven Halls.
 39889 | Orc:1    | Found a roughly hewn altar of Beogh.
 40171 | Orc:2    | Bought the ring of Wonder {rElec MR+} for 390 gold pieces
 40742 | D:15     | Found a runed translucent door.
 40743 | D:15     | Found a shimmering altar of Xom.
 40743 | D:15     | Noticed Kefanin's ghost (adept GrEE)
 41718 | D:15     | Reached skill level 10 in Dodging
 41736 | D:15     | Found a staircase to the Depths.
 41752 | D:15     | Reached skill level 10 in Shields
 41970 | D:12     | Bought a scroll of identify for 20 gold pieces
 41970 | D:12     | Bought a scroll of identify for 20 gold pieces
 41970 | D:12     | Bought a scroll of identify for 20 gold pieces
 41974 | D:12     | Bought a scroll of identify for 20 gold pieces
 42314 | Elf:1    | Entered Level 1 of the Elven Halls
 42431 | Elf:1    | Reached XP level 16. HP: 58/111 MP: 16/16
 42700 | Elf:1    | Found Zaish's Jewellery Boutique.
 42713 | Elf:1    | Bought an uncursed ring of see invisible for 180 gold
                  | pieces
 44738 | Lair:6   | Slain by a death yak

Illustrated notes

Levels and vault maps discovered:
D:1:      shiori_shiawase, layout_loops_corners, grunt_decor_one_mirror
D:2:      minmay_inner_zag, layout_loops_ring, minmay_tripent, uniq_terence
D:3:      minmay_skewed_foursquare, layout_basic, overflow_temple_1_default,
          lemuel_crystal_altar, chequers_ecumenical_altar_twisty, serial_curves,
          eino_curves_02, eino_curves_01, kennysheep_orc_chapel
D:4:      layout_gridville, vehumet_statue, minmay_temple_entry_overgrown
D:5:      corexii_shantytown, layout_loops_ring, portal_sewer_entry_e,
          uniq_blork_the_orc
D:6:      layout_loops_cross, nrook_mini_vaults
D:7:      layout_basic, uniq_prince_ribbit1, uniq_menkaure, uniq_duvessa
D:8:      layout_basic, yredelemnul_altar_generic, dpeg_lair_monsters,
          serial_ice, serial_ice_i, serial_ice_d, serial_ice_h, serial_ice_b,
          serial_ice_g, serial_shops, shop
D:9:      lemuel_castle_with_subvaults [lemuel_castle_interior_original],
          layout_irregular_city, nicolae_overflow_crystal_walls, fedhas_altar_3,
          orc_david_3, minmay_misc_feat_chi, uniq_maggie
D:10:     layout_grid_maze
D:11:     layout_basic, serial_glass, glass_columns_a, glass_columns_c,
          glass_columns_b, glass_columns_b
D:12:     layout_irregular_city, serial_shops, kennysheep_mini_moat,
          chequers_serial_rivers_small_3, nicolae_dithmenos_the_darkroom,
          uniq_sonja
D:13:     layout_roguey, grunt_vaults_entry_tiered, uniq_josephine
D:14:     layout_basic, serial_park_gazebo [serial_park_minivault_5x5_4],
          gammafunk_ghost_wrathful_warriors, grunt_decor_mini_mirrors,
          nicolae_qazlal_style_of_elements
D:15:     grunt_enter_depths_magical_seal, layout_small_grid, ebering_ghost_xom,
          dk_noncrumbling_2
Temple:   lightli_temple_of_artemis
Lair:1:   layout_roguey, uniq_urug
Lair:2:   layout_misc_corridors, gauntlet_entry_generic, grunt_megastairs_5,
          minmay_lair_oklob_chamber
Lair:3:   layout_regular_city, minmay_shoals_entry_centaurs,
          lemuel_fruit_fields, lemuel_fruit_tree, serial_bayou_shore_b,
          lemuel_fruit_fields
Lair:4:   layout_regular_city, guppyfry_snake_entry_island,
          maelrawn_ghost_gauntlet_escape, st_stairs_10,
          chequers_serial_rivers_room_a, serial_bayou_pond_e
Lair:5:   layout_loops_ring, hellmonk_ghost_happy_afterlife, minivault_25
Lair:6:   due_jungle_book, layout_cellular_growth, slime_altar_1,
          minmay_lair_oklob_items, hangedman_lair_generics_rect
Orc:1:    layout_diamond_mine, basic_altar
Orc:2:    st_orc_open, layout_caves, minmay_orc_temple_a, uniq_donald
Elf:1:    layout_gridlike, serial_shops, shop, shop, shop, minmay_elf_sorcery

Skill      XL: |  1  2  3  4  5  6  7  8  9 10 11 12 13 14 15 16 |
---------------+-------------------------------------------------+-----
Stealth        | 1 2 3 4 6 7 8 10 11 12 13 | 13.5
Throwing       | 1 2 3 4 5 6 7 8 9 |  9.9
Unarmed Combat | 1 2 3 4 5 6 7 8 9 |  9.8
Long Blades    | 3 4 5 6 8 9 10 11 12 13 | 13.5
Evocations     | 1 2 3 4 5 6 7 8 9 11 | 11.6
Dodging        | 4 5 6 7 8 9 10 | 10.3
Fighting       | 4 5 6 7 8 9 10 11 | 11.2
Shields        | 4 5 6 7 8 9 10 | 10.3

Action                   |  1- 3 |  4- 6 |  7- 9 | 10-12 | 13-15 | 16-18 || total
-------------------------+-------+-------+-------+-------+-------+-------++-------
Melee: Long sword        |    76 |   107 |    71 |       |       |       ||   254
       Constrict         |    26 |    38 |    94 |    85 |   144 |    11 ||   398
       Tentacles         |    11 |    26 |   100 |   166 |   288 |    50 ||   641
       Punch             |       |     1 |     6 |    33 |    97 |    16 ||   153
       Dagger            |       |       |     1 |    65 |    29 |       ||    95
       Scimitar          |       |       |   241 |   472 |   772 |     5 ||  1490
       Double sword      |       |       |       |       |   111 |   122 ||   233
Throw: Dart              |       |     5 |    11 |    96 |    83 |       ||   195
       Boomerang         |       |       |       |    12 |     7 |       ||    19
       Javelin           |       |       |       |     8 |     7 |     4 ||    19
 Cast: Apportation       |       |       |       |       |     5 |       ||     5
       Blink             |       |       |       |       |     1 |       ||     1
Invok: Potion Petition   |       |       |       |       |     2 |       ||     2
       Call Merchant     |       |       |       |       |     6 |       ||     6
Evoke: Wand              |       |     1 |       |    25 |    97 |     5 ||   128
       Box of beasts     |       |       |       |       |     1 |       ||     1
  Use: Scroll            |       |     7 |    11 |    12 |    27 |     5 ||    62
       Potion            |       |       |       |     3 |     9 |     2 ||    14
 Stab: Sleeping          |     2 |    14 |    33 |    31 |    37 |     2 ||   119
       Distracted        |       |       |     2 |     5 |    12 |     3 ||    22
       Paralysed         |       |       |       |       |     6 |       ||     6
Armor: Skin              |     7 |     4 |     8 |     7 |    13 |       ||    39
Dodge: Dodged            |    38 |    37 |   109 |   233 |   449 |    45 ||   911
Block: Kite shield       |    34 |    42 |   151 |   270 |   501 |    94 ||  1092
       Reflection        |       |       |       |       |     3 |     5 ||     8
       Rpst.: Long sword |    14 |    14 |     5 |       |       |       ||    33
       Scimitar          |       |       |    32 |    53 |   105 |       ||   190
       Double sword      |       |       |       |       |     6 |    11 ||    17

Table legend: (Time is in decaauts)
 A = Elapsed time spent in this place.
 B = Non-inter-level travel time spent in this place.
 C = Inter-level travel time spent in this place.
 D = Time resting spent in this place.
 E = Time spent auto-exploring this place.
 F = Levels seen in this place.
 G = Mean time per level.
                   A        B        C        D        E       F      G
               +--------+--------+--------+--------+--------+-----+--------+
         Total |  44678 |  42470 |   2208 |  11904 |  22592 |  27 | 1654.7 |
       Dungeon |  28957 |  27517 |   1440 |   6886 |  15763 |  15 | 1930.5 |
        Temple |    104 |     87 |     17 |      0 |     76 |   1 |  104.0 |
          Lair |  10336 |   9787 |    549 |   3795 |   4473 |   6 | 1722.7 |
  Orcish Mines |   3451 |   3250 |    201 |   1118 |   1281 |   2 | 1725.5 |
   Elven Halls |    454 |    454 |      0 |      0 |    226 |   1 |  454.0 |
         Sewer |    940 |    940 |      0 |      0 |    728 |   1 |  940.0 |
      Gauntlet |    432 |    432 |      0 |    104 |     45 |   1 |  432.0 |
               +--------+--------+--------+--------+--------+-----+--------+

Top non-repeatable levels by time:
     D:9: 4466 daAuts
    D:13: 4449 daAuts
     D:8: 2941 daAuts
  Lair:4: 2473 daAuts
  Lair:5: 2384 daAuts
   Orc:2: 2209 daAuts
    D:12: 2048 daAuts
  Lair:6: 1814 daAuts
     D:7: 1793 daAuts
    D:11: 1690 daAuts
    D:15: 1613 daAuts
     D:2: 1463 daAuts
     D:1: 1446 daAuts
     D:5: 1402 daAuts
  Lair:1: 1364 daAuts
